 Dungeon Crawl Stone Soup version bcrawl-1.40.3b (webtiles) character file.

Game seed: 17015274586298256864

203183 foxfromabyss the Changer (level 6, -1/43 HPs)
             Began as a Merfolk Transmuter on Dec 14, 2023.
             Slain by a scorpion zombie (5 damage)
             ... in an ossuary.
             The game lasted 00:04:56 (2984 turns).

foxfromabyss the Changer (Merfolk Transmuter)       Turns: 2984, Time: 00:04:56

Health: -1/43      AC:  2    Str: 10    XL:     6   Next: 88%
Magic:  10/12      EV: 21    Int: 14    God:
Gold:   111        SH:  0    Dex: 21    Spells: 7/13 levels left

rFire    . . .     GDR:     32%   - Fangs (venom) (8.3)
rCold    . . .     SeeInvis .   (shield currently unavailable)
rNeg     . . .     Gourm    +   (armour currently unavailable)
rPois    .         Faith    .   (helmet currently unavailable)
rElec    .         Spirit   .   (cloak currently unavailable)
rCorr    .         Reflect  .   (gloves currently unavailable)
MR       .....                  (boots currently unavailable)
Stlth    ++........             h - amulet of the gourmand
HPRegen  0.17/turn              q - ring of poison resistance
MPRegen  0.13/turn              (no ring)

@: spider-form (expiring)
A: tiny, (change form in water), (swift swim), (stealthy swim)
a: End Transformation


You were in an ossuary.
You were not hungry.
You were a venomous arachnid.
You visited 1 branch of the dungeon, and saw 4 of its levels.
You also visited: Ossuary.

You collected 111 gold pieces.

Inventory:

Missiles
 a - 229 arrows
Armour
 b - a +0 robe (melded)
 f - a +0 pair of boots
Jewellery
 h - an amulet of the gourmand (around neck)
 q - a ring of poison resistance (left front leg)
 t - a cursed ring of ice {unknown}
Wands
 r - a wand of digging (12)
Scrolls
 i - 3 scrolls of identify
 k - a scroll of revelation {unknown}
 l - 2 scrolls of amnesia {unknown}
 m - 4 scrolls of teleportation {unknown}
 p - a scroll of enchant weapon {unknown}
 s - a scroll of remove curse {unknown}
Potions
 c - a potion of cancellation {unknown}
 d - 3 potions of lignification
 g - a potion of berserk rage {unknown}
 j - a potion of flight {unknown}
 n - 3 potions of curing {unknown}
Comestibles
 e - 4 rations {!d}
 o - a chunk of flesh


   Skills:
 - Level 1.1 Fighting
 - Level 2.6 Dodging
 - Level 3.2 Unarmed Combat
 - Level 4.0 Spellcasting
 + Level 7.9 Transmutations


You had 7 spell levels left.
You knew the following spells:

 Your Spells              Type           Power        Failure   Level  Hunger
a - Beastly Appendage     Tmut           ###...       4%          1    None
b - Sticks to Snakes      Tmut           ###.....     5%          2    None
c - Spider Form           Tmut/Pois      ##.          28%         3    ###....

Your spell library contained the following spells:

 Spells                   Type           Power        Failure   Level  Hunger
 Passwall                 Tmut/Erth      ##......     17%         2    None
 Blade Hands              Tmut           ###.......   41%         5    ######.
 Ice Form                 Ice/Tmut       ##......     58%         4    #####..


Dungeon Overview and Level Annotations

Branches:
Dungeon (4/12)
 Temple: D:4-7

Altars:
Fedhas
Kikubaaqudgha
Ru
Trog
Xom

Shops:
D:4 [


Message History

The scorpion zombie closely misses you.
You hit the scorpion zombie but do no damage.
The scorpion zombie is severely damaged.
The scorpion zombie barely misses you.
You hit the scorpion zombie.
The scorpion zombie is almost destroyed.
The scorpion zombie hits you.
* * * LOW HITPOINT WARNING * * *
You hit the scorpion zombie.
You destroy the scorpion zombie!
You hit the scorpion zombie.
The scorpion zombie is lightly damaged.
The scorpion zombie hits you.
* * * LOW HITPOINT WARNING * * *
You barely miss the scorpion zombie.
The scorpion zombie is lightly damaged.
You hit the scorpion zombie.
The scorpion zombie is moderately damaged.
The scorpion zombie hits you.
You die...

#####################
#...#...#...#...#!=!#
#.∩.#...8...'...#".!+
#...#.......#.s.#M.!#
##'###8...8###Z######
#...#.......#...#...#
#.∩.'...8...#...8...#
#...#...#...#.......#
##############8...8##
.......# +...8...#
#...#...#


You could see a mummy and a scorpion zombie.

Vanquished Creatures
  2 scorpions (Ossuary)
  A howler monkey (D:2)
  A bullfrog skeleton (D:4)
  A human zombie (Ossuary)
  An iguana (D:3)
  A howler monkey skeleton (D:4)
  A centaur zombie (Ossuary)
  3 gnolls
  A scorpion zombie (Ossuary)
  4 adders (D:3)
  2 oozes
  2 worms
  2 dart slugs (D:2)
  3 leopard geckos (D:1)
  An orc (D:3)
  4 bats
  3 giant cockroaches
  A gnoll zombie (Ossuary)
  5 hobgoblins
  9 jackals (D:2)
  3 quokkas
  A frilled lizard (D:1)
  6 goblins
  13 kobolds
  6 rats
77 creatures vanquished.

Notes
Turn   | Place    | Note
-------+----------+-------------------------------------------
     0 | D:1      | foxfromabyss the Merfolk Transmuter began the quest for the
                  | Orb.
     0 | D:1      | Reached XP level 1. HP: 15/15 MP: 3/3
    65 | D:1      | Reached skill level 3 in Transmutations
   180 | D:1      | Reached XP level 2. HP: 21/21 MP: 3/5
   405 | D:1      | Reached XP level 3. HP: 24/26 MP: 4/6
   872 | D:2      | Reached skill level 4 in Transmutations
   952 | D:2      | Found a blossoming altar of Fedhas.
  1128 | D:2      | Reached XP level 4. HP: 27/32 MP: 6/8
  1475 | D:2      | Learned a level 2 spell: Sticks to Snakes
  1479 | D:2      | Learned a level 3 spell: Spider Form
  1562 | D:2      | Found an ancient bone altar of Kikubaaqudgha.
  1861 | D:3      | Reached skill level 5 in Transmutations
  1913 | D:3      | Reached XP level 5. HP: 37/37 MP: 10/10
  2321 | D:3      | Reached skill level 6 in Transmutations
  2354 | D:3      | Found a bloodstained altar of Trog.
  2449 | D:3      | Found a sacrificial altar of Ru.
  2449 | D:3      | Found a shimmering altar of Xom.
  2648 | D:4      | Found Iroll's Antique Armour Boutique.
  2671 | D:4      | Reached XP level 6. HP: 43/43 MP: 10/12
  2799 | D:4      | Found a sand-covered staircase.
  2813 | Ossuary  | Entered an ossuary
  2837 | Ossuary  | Reached skill level 7 in Transmutations
  2984 | Ossuary  | Slain by a scorpion zombie

Skill      XL: |  1  2  3  4  5  6 |
---------------+-------------------+-----
Transmutations | 3 4 5 6 7 |  7.9
Spellcasting   | 3 4 |  4.0
Fighting       | |  1.1
Dodging        | |  2.6
Unarmed Combat | |  3.2

Action                   |  1- 3 |  4- 6 || total
-------------------------+-------+-------++-------
Melee: Unarmed           |   134 |   184 ||   318
       Headbutt          |    12 |    18 ||    30
       Tailslap          |     1 |       ||     1
       Punch             |     1 |       ||     1
 Cast: Beastly Appendage |    20 |    13 ||    33
       Spider Form       |       |    11 ||    11
 Stab: Sleeping          |     1 |     2 ||     3
  Eat: Chunk             |     2 |    15 ||    17
Armor: Robe              |    17 |     6 ||    23
       Skin              |       |     6 ||     6
Dodge: Dodged            |    81 |   138 ||   219
